 Dungeon Crawl Stone Soup version 0.20.0-6-gd3061e9 (console) character file.

12798 removed the Slicer (level 11, 0/58 HPs)
             Began as a Vine Stalker Earth Elementalist on May 28, 2017.
             Was a Follower of Ru.
             Succumbed to Sonja's curare-tipped needle
             ... on level 1 of the Lair of Beasts.
             The game lasted 00:23:36 (10534 turns).

removed the Slicer (VSEE)                          Turns: 10534, Time: 00:23:36

Health: 0/58       AC: 13    Str: 10    XL:     11   Next: 99%
Magic:  11/28      EV: 17    Int: 15    God:    Ru [*.....]
Gold:   576        SH:  0    Dex: 19    Spells: 14/14 levels left

rFire    . . .     SeeInvis .   a - +0 dagger (elec)
rCold    + . .     Gourm    .   (no shield)
rNeg     . . .     Faith    .   W - +2 leather armour {rC+}
rPois    .         Spirit   +   D - +0 Maxwell's etheric cage {RegenMP+ *Contam rElec MP+4}
rElec    +         Reflect  .   (no cloak)
rCorr    .         Harm     .   L - +2 pair of gloves
MR       +....                  (no boots)
Stlth    ++........             h - amulet of regeneration
Regen    1.0/turn               G - ring of magical power
MPRegen  0.3/turn               y - +4 ring of protection

@: lethally poisoned (0 -> -4), no potions, slowed, very slow
A: fangs 3, regeneration 1, magic shield, antimagic bite, no potion heal 3, rot
immunity, inability to drink while threatened
a: Renounce Religion


You were on level 1 of the Lair of Beasts.
You worshipped Ru.
Ru was aware of your devotion.
You were very hungry.

You visited 3 branches of the dungeon, and saw 13 of its levels.

You collected 618 gold pieces.
You spent 42 gold pieces at shops.

Inventory:

Hand Weapons
 a - a +0 dagger of electrocution (weapon)
 u - a +1 demon trident of electrocution
 E - a +0 dagger of draining
 F - a +0 dagger of draining
 K - the +6 glaive of Muonim {chop, MR+}
   (You found it on level 6 of the Dungeon)

   It inflicts extra damage upon your enemies.
   It affects your resistance to hostile enchantments.
 N - a -1 quarterstaff
Missiles
 b - 441 stones (quivered)
 I - 3 throwing nets
Armour
 c - a +1 robe
 D - the +0 Maxwell's etheric cage (worn) {RegenMP+ *Contam rElec MP+4}
   (You found it on level 1 of the Lair of Beasts)

   It insulates you from electricity.
   It affects your magic capacity (+4).
   It causes magical contamination when unequipped.
 L - a +2 pair of gloves (worn)
 Q - a +0 leather armour of fire resistance
 V - a +1 robe of cold resistance
 W - a +2 leather armour of cold resistance (worn)
Jewellery
 h - an amulet of regeneration (around neck)
 y - a +4 ring of protection (right hand)
 G - a ring of magical power (left hand)
Wands
 S - a wand of random effects (15/48)
Scrolls
 f - 3 scrolls of teleportation
 g - 6 scrolls of remove curse
 l - 7 scrolls of enchant armour
 m - 3 scrolls of recharging
 n - 2 scrolls of holy word {unknown}
 q - a scroll of noise
 t - 2 scrolls of immolation
 B - 2 scrolls of blinking
 O - 2 scrolls of fog
 T - 4 scrolls of identify
 U - 2 scrolls of magic mapping
Potions
 p - a potion of magic
 r - 12 potions of curing
 s - a potion of agility
 v - a potion of lignification
 w - a potion of might
 x - a potion of brilliance
 z - a potion of degeneration
 X - 3 potions of haste
 Y - 2 potions of ambrosia
Books
 e - a book of Geomancy

   Spells                             Type                      Level
   a - Sandblast                      Earth                        1
   b - Passwall                       Transmutation/Earth          2
   c - Stone Arrow                    Conjuration/Earth            3
   d - Petrify                        Transmutation/Earth          4
   e - Lee's Rapid Deconstruction     Earth                        5
 C - a book of Geomancy

   Spells                             Type                      Level
   a - Sandblast                      Earth                        1
   b - Passwall                       Transmutation/Earth          2
   c - Stone Arrow                    Conjuration/Earth            3
   d - Petrify                        Transmutation/Earth          4
   e - Lee's Rapid Deconstruction     Earth                        5
 H - a book of Misfortune

   Spells                             Type                      Level
   a - Confusing Touch                Hexes                        1
   b - Confuse                        Hexes                        3
   c - Gell's Gravitas                Translocation                3
   d - Petrify                        Transmutation/Earth          4
   e - Metabolic Englaciation         Hexes/Ice                    5
   f - Yara's Violent Unravelling     Hexes/Transmutation          5
 M - a book of Transfigurations

   Spells                             Type                      Level
   a - Irradiate                      Conjuration/Transmutation    5
   b - Statue Form                    Transmutation/Earth          6
   c - Hydra Form                     Transmutation                6
   d - Dragon Form                    Transmutation                7
 P - a book of Cantrips

   Spells                             Type                      Level
   a - Confusing Touch                Hexes                        1
   b - Animate Skeleton               Necromancy                   1
   c - Summon Small Mammal            Summoning                    1
   d - Apportation                    Translocation                1
 R - a book of Minor Magic

   Spells                             Type                      Level
   a - Magic Dart                     Conjuration                  1
   b - Blink                          Translocation                2
   c - Call Imp                       Summoning                    2
   d - Slow                           Hexes                        2
   e - Conjure Flame                  Conjuration/Fire             3
   f - Mephitic Cloud                 Conjuration/Poison/Air       3
 Z - a book of Misfortune

   Spells                             Type                      Level
   a - Confusing Touch                Hexes                        1
   b - Confuse                        Hexes                        3
   c - Gell's Gravitas                Translocation                3
   d - Petrify                        Transmutation/Earth          4
   e - Metabolic Englaciation         Hexes/Ice                    5
   f - Yara's Violent Unravelling     Hexes/Transmutation          5
Comestibles
 d - 7 bread rations
 k - 3 fruits
 A - 2 royal jellies
 J - 3 meat rations


   Skills:
 - Level 6.9 Fighting
 - Level 10.8 Short Blades
 + Level 8.0 Polearms
 - Level 7.5 Dodging
 - Level 2.4 Stealth
 - Level 1.6 Unarmed Combat
 - Level 2.1 Spellcasting
   Level 1.0 Transmutations
   Level 3.0 Earth Magic


You had 14 spell levels left.
You didn't know any spells.

Dungeon Overview and Level Annotations

Branches:
Dungeon (11/15)            Temple (1/1) D:4            Lair (1/6) D:9
    Orc (0/2) D:11

Altars:
Ashenzari
Cheibriados
Dithmenos
Elyvilon
Fedhas
Gozag
Hepliaklqana
Kikubaaqudgha
Makhleb
Okawaru
Qazlal
Ru
Sif Muna
Trog
Uskayaw
Vehumet
Xom
Yredelemnul
Zin

Shops:
D:5 =(   D:7 ?   D:11 [(*

Annotations:
Lair:1 Sonja


Innate Abilities, Weirdness & Mutations

You have razor-sharp teeth.
Your natural rate of healing is unusually fast.
When hurt, damage is shared between your health and your magic reserves.
Your bite disrupts and absorbs the magic of your enemies.
Potions cannot restore your health.
You are immune to rotting.
You cannot drink potions while threatened.


Message History

You cannot drink potions in your current state!
As you read the scroll of fear, it crumbles to dust.
You assume a fearsome visage.
Sonja looks frightened!
* * * LOW HITPOINT WARNING * * *
You feel very sick.
Sonja mumbles some strange words.
Sonja blinks!
Unknown command.
You cannot drink potions in your current state!
* * * LOW HITPOINT WARNING * * *
You feel very sick.
Sonja begins to cast a spell, but is stunned by your will!
Sonja gestures wildly while chanting.
Sonja looks slightly unstable.
* * * LOW HITPOINT WARNING * * *
You feel very sick.
You cannot drink potions in your current state!
Evoke which item? (* to show all) (? for menu, Esc to quit)
Okay, then.
You die...

#.####.. .[..
#....# .# .#.
#.#### .K####.. #.#
...... #.# #....
#.# #.#.## #.#
#..(.# # #.##
#.(#####..#
#..######....@....#
#...........#####.#
#.........###
#..........#
##.........#
#.........#
#..........#
#............
#.#####.#....


There were no monsters in sight!

Vanquished Creatures
  Josephine (D:10)
  A death knight (D:10)
  2 two-headed ogres
  An unseen horror (D:8)
  Pikel (D:7)
  A gargoyle (D:10)
  2 trolls (D:10)
  A blink frog (shapeshifter) (D:9)
  A hippogriff (D:8)
  3 wraiths (D:10)
  3 yaks
  4 steam dragons
  3 wargs (D:8)
  3 ice beasts
  5 orc warriors
  A porcupine (Lair:1)
  2 sky beasts
  3 black bears
  3 phantoms
  4 slaves (D:7)
  7 ogres (D:8)
  5 centaurs
  6 big kobolds
  8 bullfrogs
  2 scorpions (D:4)
  2 howler monkeys
  2 electric eels (Lair:1)
  3 bullfrog zombies
  10 crimson imps
  6 orc priests
  4 hounds
  A bullfrog skeleton (D:11)
  4 gnoll shamans
  15 orc wizards
  4 iguanas
  2 worker ants
  A hound zombie (D:7)
  5 hound skeletons
  3 worker ant zombies
  15 gnolls
  15 adders
  4 shadow imps
  An adder skeleton (D:9)
  4 worms
  A dart slug (D:3)
  5 leopard geckos
  55 orcs
  A ball python (D:6)
  4 giant cockroaches
  12 goblins
  5 hobgoblins
  15 jackals
  4 quokkas
  6 bats
  4 frilled lizards
  13 kobolds
  A leopard gecko skeleton (D:4)
  6 rats
  3 fungi (D:8)
  2 plants (D:8)
311 creatures vanquished.

Vanquished Creatures (others)
  A two-headed ogre (D:8)
  A wizard (D:3)
  A hound (D:11)
  A fungus (D:8)
  11 plants (D:8)
15 creatures vanquished.

Grand Total: 326 creatures vanquished

Notes
Turn   | Place    | Note
-------+----------+-------------------------------------------
     0 | D:1      | removed the Vine Stalker Earth Elementalist began the quest for the Orb.
     0 | D:1      | Reached XP level 1. HP: 9/9 MP: 4/4
   133 | D:1      | Reached skill level 1 in Unarmed Combat
   188 | D:1      | Reached XP level 2. HP: 8/13 MP: 4/6
   368 | D:1      | Reached skill level 1 in Short Blades
   647 | D:1      | Reached XP level 3. HP: 16/16 MP: 7/7
  1124 | D:2      | Reached skill level 2 in Short Blades
  1339 | D:2      | Gained mutation: Your natural rate of healing is unusually fast. [Vine Stalker growth]
  1339 | D:2      | Reached XP level 4. HP: 18/21 MP: 8/8
  1703 | D:3      | Reached skill level 3 in Short Blades
  1850 | D:3      | Found a bloodstained altar of Trog.
  1851 | D:3      | Noticed a wizard
  1858 | D:3      | Killed a wizard
  2089 | D:3      | Reached XP level 5. HP: 24/24 MP: 9/9
  2326 | D:4      | Reached skill level 4 in Short Blades
  2363 | D:4      | Found a staircase to the Ecumenical Temple.
  2394 | Temple   | Entered the Ecumenical Temple
  2577 | Temple   | Became a worshipper of Ru the Awakened
  2659 | D:4      | Found an iron altar of Okawaru.
  2853 | D:4      | Reached skill level 5 in Short Blades
  2853 | D:4      | Reached XP level 6. HP: 16/28 MP: 7/10
  3288 | D:5      | Entered Level 5 of the Dungeon
  3288 | D:5      | Found Nebefouz's Jewellery Emporium.
  3389 | D:5      | Found Rozxubeidgh's Weapon Shoppe.
  3602 | D:5      | Reached skill level 6 in Short Blades
  3625 | D:5      | Reached XP level 7. HP: 32/32 MP: 8/11
  3807 | D:5      | Gained mutation: You cannot drink potions while threatened. [Ru sacrifice]
  3807 | D:5      | Reached * piety under Ru
  3999 | D:5      | Reached skill level 7 in Short Blades
  4151 | D:6      | Got a bloodstained glaive
  4162 | D:6      | Identified the +6 glaive of Muonim {chop, MR+} (You found it on level 6 of the Dungeon)
  4245 | D:6      | Gained mutation: You have razor-sharp teeth. [Vine Stalker growth]
  4245 | D:6      | Reached XP level 8. HP: 33/36 MP: 12/12
  4448 | D:6      | Reached skill level 8 in Short Blades
  5502 | D:7      | Found Sapyatt's Magic Scroll Shoppe.
  5510 | D:7      | Bought a scroll of magic mapping for 42 gold pieces
  5663 | D:7      | Reached XP level 9. HP: 39/39 MP: 13/13
  5672 | D:7      | Noticed Pikel
  5735 | D:7      | Killed Pikel
  5747 | D:7      | Reached skill level 5 in Dodging
  6509 | D:8      | Killed an unseen horror
  6509 | D:8      | Reached skill level 9 in Short Blades
  6586 | D:8      | Noticed a two-headed ogre
  6600 | D:8      | Reached skill level 10 in Short Blades
  6603 | D:8      | Noticed a two-headed ogre
  6654 | D:7      | Killed a two-headed ogre
  6654 | D:7      | Reached XP level 10. HP: 48/49 MP: 14/14
  7349 | D:8      | Killed a two-headed ogre
  7392 | D:8      | Reached skill level 5 in Fighting
  8059 | D:8      | Reached XP level 11. HP: 58/58 MP: 15/15
  8108 | D:9      | Found a staircase to the Lair.
  8344 | D:9      | Found a shadowy altar of Dithmenos.
  8419 | D:9      | Reached skill level 1 in Polearms
  8473 | D:9      | Found a glowing silver altar of Zin.
  8473 | D:9      | Found a radiant altar of Vehumet.
  8627 | D:10     | Entered Level 10 of the Dungeon
  8636 | D:10     | Noticed Josephine
  9401 | D:10     | Noticed a two-headed ogre
  9416 | D:10     | Killed a two-headed ogre
  9424 | D:10     | Reached skill level 5 in Polearms
  9445 | D:10     | Killed Josephine
  9622 | D:11     | Found Agod's Armour Emporium.
  9759 | D:11     | Found a staircase to the Orcish Mines.
  9768 | D:11     | Found Qinouk's Weapon Emporium.
  9809 | D:11     | Noticed a death knight
  9993 | D:10     | Killed a death knight
 10128 | D:11     | Found Erimu's General Store.
 10228 | D:11     | Noticed a skeletal warrior
 10312 | Lair:1   | Entered Level 1 of the Lair of Beasts
 10521 | Lair:1   | Noticed Sonja
 10533 | Lair:1   | HP: 1/58 [poisoned by Sonja (curare-tipped needle)]
 10534 | Lair:1   | Succumbed to Sonja's curare-tipped needle

Skill      XL: |  1  2  3  4  5  6  7  8  9 10 11 |
---------------+----------------------------------+-----
Unarmed Combat | 1 |  1.6
Short Blades   | 1 2 3 5 6 7 8 10 | 10.8
Dodging        | 4 5 7 |  7.5
Fighting       | 4 6 |  6.9
Polearms       | 8 |  8.0
Stealth        | |  2.4
Spellcasting   | |  2.1
Transmutations | |  1.0
Earth Magic    | |  3.0

Action                   |  1- 3 |  4- 6 |  7- 9 | 10-12 || total
-------------------------+-------+-------+-------+-------++-------
Melee: Unarmed           |    38 |       |       |       ||    38
       Bite              |    16 |    39 |   113 |   265 ||   433
       Dagger            |    62 |   194 |   361 |   791 ||  1408
       Punch             |     1 |     1 |     1 |     7 ||    10
       Demon trident     |       |       |       |     5 ||     5
Invok: Sacrifice Drink   |       |       |     1 |       ||     1
       Reject Sacrifices |       |       |     1 |       ||     1
Evoke: Wand              |       |       |       |     6 ||     6
  Use: Scroll            |       |       |    15 |     8 ||    23
       Potion            |       |       |       |     1 ||     1
 Stab: Distracted        |     1 |       |     1 |     1 ||     3
       Sleeping          |     8 |     4 |     4 |     3 ||    19
  Eat: Chunk             |     1 |     8 |     9 |    12 ||    30
Armor: Robe              |    17 |    55 |    38 |       ||   110
       Leather armour    |       |       |    52 |   111 ||   163
Dodge: Dodged            |    64 |   102 |   131 |   344 ||   641
